 Dungeon Crawl Stone Soup version 0.17-a0-1871-gdc8eb4e (webtiles) character file.

36 Banto the Chucker (level 3, -2/37 HPs)
             Began as an Ogre Hunter on Sept 21, 2015.
             Slain by a kobold
             ... wielding a +0 whip
              (4 damage)
             ... on level 1 of the Dungeon.
             The game lasted 00:01:50 (1436 turns).

Banto the Chucker (Ogre Hunter)                     Turns: 1436, Time: 00:01:50

Health: -2/37      AC:  3    Str: 17    XL:     3   Next: 37%
Magic:  3/3        EV: 10    Int: 10    God:
Gold:   31         SH:  0    Dex: 11    Spells: 0 memorised, 2 levels left

rFire  . . .     SeeInvis .     c - +0 short sword
rCold  + . .     Clarity  .     d - +0 robe
rNeg   . . .     SustAt   .     (no shield)
rPois  .         Gourm    .     (helmet restricted)
rElec  .         Spirit   .     (no cloak)
rCorr  .         Warding  .     (gloves unavailable)
rMut   .         Stasis   .     (boots unavailable)
MR     .....                    (no amulet)
Stlth  +.........               (no ring)
                                j - ring of protection from cold

@: not resistant to hostile enchantments, very unstealthy
A: unfitting armour, tough skin 1
a: no special abilities


You were on level 1 of the Dungeon.
You were hungry.

You visited 1 branch of the dungeon, and saw 2 of its levels.

You collected 31 gold pieces.

Inventory:

Hand weapons
 c - a +0 short sword (weapon)
 i - a +0 club
 n - a +0 whip
Missiles
 a - 3 large rocks (quivered)
 b - 2 throwing nets
Armour
 d - a +0 robe (worn)
Jewellery
 j - a ring of protection from cold (left hand)
 p - an uncursed amulet of regeneration {unknown}
Scrolls
 h - a scroll of enchant weapon {unknown}
 l - a scroll of noise {unknown}
 m - a scroll of magic mapping {unknown}
Potions
 f - 2 potions of curing {unknown}
 g - a potion of haste {unknown}
 k - a potion of mutation {unknown}
 o - a potion of brilliance {unknown}
Comestibles
 e - a bread ration


   Skills:
 + Level 3.4 Fighting
 + Level 1.6 Maces & Flails
 - Level 5.0 Throwing
 - Level 1.7 Dodging
 - Level 0.7 Stealth


You had 2 spell levels left.
You didn't know any spells.

Dungeon Overview and Level Annotations

Branches:
Dungeon (2/15)

Altars:


Innate Abilities, Weirdness & Mutations

You are too large for most types of armour.
You have tough skin (AC +1).


Message History

The bat closely misses you. The giant gecko bites you.
* * * LOW HITPOINT WARNING * * *
The kobold misses you. The giant gecko bites you.
* * * LOW HITPOINT WARNING * * *
Throwing (i - inventory. (,) - cycle):
a - 5 large rocks (quivered)
Press: ? - help, Shift-Dir - straight line, f - kobold
Aim: a kobold, wielding a whip (moderately wounded)
You throw a large rock.
The large rock closely misses the kobold.
The bat hits you.
* * * LOW HITPOINT WARNING * * *
The kobold closely misses you. The giant gecko closely misses you.
Throwing (i - inventory. (,) - cycle):
a - 4 large rocks (quivered)
Press: ? - help, Shift-Dir - straight line, f/p - kobold
Aim: a kobold, wielding a whip (moderately wounded)
You throw a large rock.
The large rock closely misses the kobold.
The bat barely misses you. The bat hits you but does no damage.
The kobold hits you with a whip.
You die...

.#####.### ........# #####
.#####..####...# .# #.........#
.# #.#####...# .# #.# ##.##
############### .#####.######.#
#........)...).
...........##.#####.#############
...........##..b@l......#
#########..##..##K....#.#
##...###).##..##..)..#.#
##.....##..##..#......#.#
.'...(.#...##..#......#.#####
.#.....#.............(#.....#
###...##.#.################.#####
# ######[#.####### #.##... #
#.#.......# #.##.##


You could see a giant gecko, a bat and a kobold.

Vanquished Creatures
  2 oozes (D:1)
  A giant gecko (D:1)
  3 giant cockroaches (D:1)
  5 hobgoblins (D:1)
  3 bats (D:1)
  A giant newt (D:1)
  2 goblins (D:1)
  7 kobolds (D:1)
  2 rats (D:1)
26 creatures vanquished.

Notes
Turn   | Place    | Note
--------------------------------------------------------------
     0 | D:1      | Banto the Ogre Hunter began the quest for the Orb.
     0 | D:1      | Reached XP level 1. HP: 22/22 MP: 1/1
   142 | D:1      | Reached XP level 2. HP: 21/29 MP: 2/2
   199 | D:1      | Reached skill level 5 in Throwing
  1054 | D:1      | Reached skill level 1 in Maces & Flails
  1110 | D:1      | Reached XP level 3. HP: 37/37 MP: 3/3
  1436 | D:1      | Slain by a kobold

Vault maps used:
D:1:      noname_arrival_rooms_in_the_neighbourhood
D:2:      grunt_temple_overflow_open, first_bread,
          nicolae_ru_sacrificial_ziggurat

Action                   || total
-------------------------++-------
Melee: Short sword       ||   157
Throw: Large rock        ||     2
  Eat: Chunk             ||     1
